 Dungeon Crawl Stone Soup version 0.17-a0-1046-ga09e34d (webtiles) character file.

401 Fluffy the Chopper (level 6, -1/57 HPs)
             Began as a Hill Orc Fighter on May 15, 2015.
             Slain by an orc priest
             ... wielding a +0 mace
              (2 damage)
             ... on level 4 of the Dungeon.
             The game lasted 00:07:59 (3147 turns).

Fluffy the Chopper (Hill Orc Fighter)               Turns: 3147, Time: 00:07:59

Health: -1/57      AC:  7    Str: 24    XL:     6   Next: 85%
Magic:  6/6        EV: 11    Int:  8    God:
Gold:   204        SH:  9    Dex: 12    Spells: 0 memorised, 5 levels left

rFire  . . .     SeeInvis .     a - +1 war axe
rCold  . . .     Clarity  .     b - +0 scale mail
rNeg   . . .     SustAb   .     c - +0 shield
rPois  .         Gourm    .     (no helmet)
rElec  .         Spirit   .     (no cloak)
rCorr  .         Warding  .     (no gloves)
rMut   .         Stasis   .     (no boots)
MR     .....                    h - amulet of inaccuracy (curse)
Stlth  ..........               (no ring)
                                s - +4 ring of evasion

@: mighty, invisible, not resistant to hostile enchantments, extremely
unstealthy
A: no striking features
a: no special abilities


You were on level 4 of the Dungeon.
You were not hungry.

You visited 1 branch of the dungeon, and saw 4 of its levels.

You collected 204 gold pieces.

Inventory:

Hand weapons
 a - a +1 war axe (weapon)
Armour
 b - a +0 scale mail (worn)
 c - a +0 shield (worn)
Jewellery
 h - a cursed amulet of inaccuracy (around neck)
 s - a +4 ring of evasion (left hand)
 v - the ring "Amechet" {+Fly Str-3 Int+4 Dex+2 Stlth-}
   (You found it on level 4 of the Dungeon)

   [ring of loudness]

   It affects your strength (-3).
   It affects your intelligence (+4).
   It affects your dexterity (+2).
   It lets you fly.
   It makes you less stealthy.
Scrolls
 j - a scroll of magic mapping
 n - a scroll of blinking
 t - 2 scrolls of fear
Potions
 f - 3 potions of resistance
 r - 2 potions of cancellation
 u - a potion of magic {unknown}
Comestibles
 e - 5 bread rations
 i - 2 slices of pizza
 k - 3 beef jerkies
 l - a meat ration
 o - a royal jelly
 p - 2 chunks of flesh


   Skills:
 + Level 5.9 Fighting
 + Level 6.0 Axes
 + Level 5.2 Armour
 - Level 3.2 Shields


You had 5 spell levels left.
You didn't know any spells.

Dungeon Overview and Level Annotations

Branches:
Dungeon (4/15)
 Temple: D:4-7

Altars:
Cheibriados
Fedhas
Nemelex Xobeh
The Shining One

Shops:
D:4 (

Annotations:
D:4 Pikel


Message History

You hit the orc priest.
The orc priest is moderately wounded.
Your scale mail prevents you from hitting the iguana.
The orc priest closely misses you.
The kobold throws a stone.
You block the stone. The iguana completely misses you.
Your shield prevents you from hitting the orc priest.
The orc priest shouts, "Join the one true god or die!"
The orc priest is moderately wounded.
You hit the iguana but do no damage.
The orc priest hits you but does no damage.
The iguana bites you.
* * * LOW HITPOINT WARNING * * *
Drink which item? (? for menu, Esc to quit)
Okay, then.
Drink which item? (? for menu, Esc to quit)
You fade into invisibility!
The iguana bites you.
* * * LOW HITPOINT WARNING * * *
The orc priest hits you with a mace.
You die...

...........#+#.. ..##..
...####.##.+_+.##......
......#....#'#........#
......................#
......#...............#
..... #...##.....#....#
##... ###...#..(.#....#
... #....#..#)!...##
#....###@l...... .....#
#.)o..#... .....#
#.K....... ....#
.#........ ...
...##...... .... ......
... . ...... ......
....##


You could see an iguana, an orc priest and a kobold.

Vanquished Creatures
  A phantom (D:4)
  An orc priest (D:4)
  An orc wizard (D:4)
  2 worker ants
  An iguana (D:4)
  6 adders
  An ooze (D:2)
  4 worms (D:2)
  5 giant geckos
  8 orcs
  5 giant cockroaches
  19 goblins
  8 hobgoblins
  4 jackals (D:3)
  6 kobolds
  A quokka (D:2)
  A ball python (D:1)
  11 bats
  9 giant newts
  2 rats
96 creatures vanquished.

Vanquished Creatures (others)
  An orc wizard (D:4)
1 creature vanquished.

Grand Total: 97 creatures vanquished

Notes
Turn   | Place    | Note
--------------------------------------------------------------
     0 | D:1      | Fluffy the Hill Orc Fighter began the quest for the Orb.
     0 | D:1      | Reached XP level 1. HP: 19/19 MP: 1/1
   143 | D:1      | Reached XP level 2. HP: 20/27 MP: 2/2
   508 | D:2      | Reached skill level 4 in Fighting
   537 | D:2      | Reached XP level 3. HP: 30/33 MP: 3/3
   704 | D:2      | Reached XP level 4. HP: 15/41 MP: 4/4
  1092 | D:2      | Found a sparkling altar of Nemelex Xobeh.
  1092 | D:2      | Found a glowing golden altar of the Shining One.
  1094 | D:2      | Found a snail-covered altar of Cheibriados.
  1839 | D:3      | Reached XP level 5. HP: 41/47 MP: 5/5
  1944 | D:4      | Noticed a slave
  1947 | D:4      | Noticed a slave
  1947 | D:4      | Reached skill level 5 in Fighting
  1948 | D:4      | Noticed a slave
  1948 | D:4      | Noticed Pikel
  1949 | D:4      | Noticed a slave
  2005 | D:4      | Noticed a phantom
  2046 | D:4      | Killed a phantom
  2046 | D:4      | Reached skill level 5 in Axes
  2046 | D:4      | Reached XP level 6. HP: 3/56 MP: 6/6
  2641 | D:4      | Reached skill level 5 in Armour
  2902 | D:4      | Found Hoatish's Weapon Shoppe.
  3014 | D:4      | Got a twitching jade ring
  3015 | D:4      | Identified the ring "Amechet" {+Fly Str-3 Int+4 Dex+2 Stlth-} (You found it on level 4 of the Dungeon)
  3129 | D:4      | Found a blossoming altar of Fedhas.
  3137 | D:4      | HP: 1/57 [orc priest/divine providence (17)]
  3142 | D:4      | HP: 1/57 [orc/club (3)]
  3144 | D:4      | Reached skill level 6 in Axes
  3147 | D:4      | HP: 1/57 [iguana (2)]
  3147 | D:4      | Slain by an orc priest

Vault maps used:
D:1:      dpeg_arrival_tiny_a
D:2:      gammafunk_temple_overflow_claw
D:3:      kennysheep_the_goblin_king
D:4:      kennysheep_mini, serial_shops, shop_fountains, minmay_misc_feat_chi,
          uniq_pikel

Action                   |  1- 3 |  4- 6 || total
-------------------------+-------+-------++-------
Melee: War axe           |    92 |   355 ||   447
  Use: Scroll            |       |    11 ||    11
       Potion            |       |     4 ||     4
  Eat: Chunk             |       |     8 ||     8
